 Dungeon Crawl Stone Soup version 0.28-a0-1447-ga5a8893891 (webtiles) character file.

Game seed: 13672197485295947247

51 HallandMoats the Sneak (level 3, 0/31 HPs)
             Began as a Ghoul Brigand on Jan 12, 2022.
             Was a Follower of Sif Muna.
             Slain by a jelly (2 damage)
             ... on level 3 of the Dungeon.
             The game lasted 00:02:40 (1757 turns).

HallandMoats the Sneak (Ghoul Brigand)              Turns: 1757, Time: 00:02:41

Health: 0/31       AC: -5    Str: 16    XL:     3   Next: 81%
Magic:  2/2        EV: 10    Int:  6    God:    Sif Muna [*.....]
Gold:   140        SH:  3    Dex: 10    Spells: 2/2 levels left

rFire   . . .      SeeInvis .   a - +1 dagger (elec)
rCold   + . .      Faith    .   j - +0 buckler
rNeg    + + +      Spirit   .   f - +0 ring mail
rPois   ∞          Reflect  .   (no helmet)
rElec   .          Harm     .   c - +0 cloak
rCorr   .          Rampage  .   (no gloves)
Will    .....                   (no boots)
Stlth   ++........              (no amulet)
HPRegen 0.00/turn               (no ring)
MPRegen 0.08/turn               (no ring)

@: corroded, inhibited regen
A: claws 1, cold resistance 1, negative energy resistance 3, inhibited
regeneration, torment resistance 2
a: Renounce Religion, Channel Magic


You were on level 3 of the Dungeon.
You worshipped Sif Muna.
Sif Muna was aware of your devotion.
You visited 1 branch of the dungeon, and saw 3 of its levels.

You collected 140 gold pieces.

Inventory:

Hand Weapons
 a - a +1 dagger of electrocution (weapon)
Missiles
 d - 8 poisoned darts (quivered)
 e - 2 curare-tipped darts
 k - 5 atropa-tipped darts
Armour
 c - a +0 cloak (worn)
 f - a +0 ring mail (worn)
 j - a +0 buckler (worn)
Scrolls
 b - a scroll of fear {unknown}
 h - 2 scrolls of identify {unknown}
Potions
 g - a potion of lignification {unknown}
 i - a potion of heal wounds {unknown}


   Skills:
 * Level 3.1 Fighting
 * Level 2.5 Short Blades
 - Level 1.7 Throwing
 + Level 0.8 Armour
 + Level 1.3 Dodging
 - Level 4.3 Stealth
 * Level 0.3 Shields


You had 2 spell levels left.
You didn't know any spells.
Your spell library was empty.

Dungeon Overview and Level Annotations

Branches:
Dungeon (3/15)

Altars:
Elyvilon
Sif Muna

Shops:
D:1 =


Innate Abilities, Weirdness & Mutations

You thrive by killing the living.
You are immune to poison.
You have sharp fingernails.
Your flesh is cold resistant. (rC+)
You are immune to negative energy. (rN+++)
You do not regenerate when monsters are visible.
You are immune to unholy pain and torment.


Message History

The hobgoblin hits you but does no damage.
You barely miss the hobgoblin.
The hobgoblin is severely wounded.
The hobgoblin hits you but does no damage.
You hit the hobgoblin.
You kill the hobgoblin!
Sif Muna accepts your kill.
No target in view!
No target in view!
A jelly and a rat come into view.
There are monsters nearby!
There are monsters nearby!
There are monsters nearby!
The jelly quivers.
The helpless rat fails to defend itself.
You impale the rat!! Lightning courses through the rat!
You kill the rat!
Sif Muna accepts your kill. The jelly closely misses you.
You hit the jelly. The acid corrodes you!
Your claws burn!
The jelly is lightly wounded.
The jelly misses you.
You hit the jelly.
Your claws burn!
The jelly is moderately wounded.
You block the jelly's attack.
You hit the jelly.
Your claws burn!
The jelly is moderately wounded.
The jelly hits you. The acid corrodes you!
You are splashed with acid!
You are too injured to fight recklessly!
You are too injured to fight recklessly!
You are too injured to fight recklessly!
You see here 9 gold pieces.
You now have 140 gold pieces (gained 9).
The jelly hits you.
* * * LOW HITPOINT WARNING * * *
The acid corrodes you!
You are splashed with acid.
* * * LOW HITPOINT WARNING * * *
The jelly misses you. The jelly hits you.
You die...

.#######.^#
.......#.#
####.<...# ###
#....#.### #.#
..####...# #.#
...#####.####
##.# ....#
#....###..#
....#
####..##.J#
....#
###.##.@#####.#
....#
#.......#.....#
....#
#.#..##...#
....#
#.##.##.###
...## # #....#
..## ##...# ###
...#.. .####.#
.. #.#


You could see a jelly.

Vanquished Creatures
  A worm (D:2)
  3 dart slugs
  3 ball pythons
  4 bats
  4 endoplasms
  3 goblins
  7 hobgoblins
  2 jackals (D:1)
  3 kobolds
  A quokka (D:1)
  4 frilled lizards (D:1)
  2 rats
37 creatures vanquished.

Notes
Turn   | Place    | Note
-------+----------+-------------------------------------------
     0 | D:1      | HallandMoats the Ghoul Brigand began the quest for the Orb.
     0 | D:1      | Reached XP level 1. HP: 17/17 MP: 0/0
   104 | D:1      | Reached skill level 1 in Dodging
   149 | D:1      | Reached XP level 2. HP: 25/25 MP: 1/1
   170 | D:1      | Found Fom Xiaf's Jewellery Emporium.
   630 | D:1      | Reached XP level 3. HP: 26/30 MP: 2/2
  1591 | D:3      | Found a faded altar of an unknown god.
  1596 | D:3      | Prayed at the altar of an unknown god.
  1596 | D:3      | Became a worshipper of Sif Muna the Loreminder
  1596 | D:3      | Reached * piety under Sif Muna
  1757 | D:3      | Slain by a jelly

Illustrated notes

Levels and vault maps discovered:
D:1:      dpeg_arrival_tiny_g, layout_basic, serial_shops, shop,
          minmay_statues_item
D:2:      layout_basic, basic_altar, minmay_fountain_box
D:3:      layout_rooms, tgw_trog, mainiacjoe_overflow_tiny_flanked,
          chequers_ecumenical_altar_simple

Skill      XL: |  1  2  3 |
---------------+----------+-----
Dodging        | 1 |  1.3
Short Blades   | 2 |  2.5
Fighting       | 3 |  3.1
Throwing       | |  1.7
Armour         | |  0.8
Stealth        | |  4.3
Shields        | |  0.3

Action                   || total
-------------------------++-------
Melee: Dagger            ||    98
       Punch             ||     2
 Stab: Sleeping          ||     7
Armor: Robe              ||    11
       Ring mail         ||    24
Dodge: Dodged            ||    46
Block: Buckler           ||     1

Table legend: (Time is in decaauts)
 A = Elapsed time spent in this place.
 B = Non-inter-level travel time spent in this place.
 C = Inter-level travel time spent in this place.
 D = Time resting spent in this place.
 E = Time spent auto-exploring this place.
 F = Levels seen in this place.
 G = Mean time per level.
                   A        B        C        D        E       F      G
               +--------+--------+--------+--------+--------+-----+--------+
         Total |   1746 |   1691 |     55 |      0 |   1391 |   3 |  582.0 |
       Dungeon |   1746 |   1691 |     55 |      0 |   1391 |   3 |  582.0 |
               +--------+--------+--------+--------+--------+-----+--------+

Top non-repeatable levels by time:
     D:1: 857 daAuts
     D:2: 723 daAuts
     D:3: 164 daAuts
